 Dungeon Crawl Stone Soup version 0.30-a0-946-gec5dcfc036 (console) character file.

Game seed: 11324846219798804077

3651 utis the Summoner (level 10, -1/59 HPs)
             Began as a Tengu Wanderer on Mar 26, 2023.
             Hit by a javelin thrown by a skeletal warrior (15 damage)
             ... on level 7 of the Dungeon.
             The game lasted 00:28:41 (8946 turns).

utis the Summoner (Tengu Wanderer)                  Turns: 8946, Time: 00:28:41

Health: -1/59      AC: 12    Str: 14    XL:     10   Next: 12%
Magic:  14/14      EV: 33    Int: 13    God:
Gold:   3          SH:  0    Dex: 24    Spells: 5/13 levels left

rFire   . . .      SeeInvis .    G - +3 trident
rCold   . . .      Faith    .    (no shield)
rNeg    + . .      Spirit   .    p - +4 ring mail of Rijof {rN+ Dex+2}
rPois   .          Reflect  .    H - +2 hat
rElec   .          Rampage  .    (no cloak)
rCorr   +                        A - +0 pair of gloves
Will    .....                    (boots unavailable)
Stlth   ++                       F - amulet of the acrobat
HPRegen 0.29/turn                b - ring of resist corrosion
MPRegen 0.14/turn                X - +6 ring of dexterity

@: acrobatic, flying quickly and evasively, invisible, quick
A: beak, talons 3, nimble flight
a: no special abilities


You were on level 7 of the Dungeon.
You visited 1 branch of the dungeon, and saw 7 of its levels.

You collected 350 gold pieces.
You spent 347 gold pieces at shops.

Inventory:

Hand Weapons
 a - a +0 trident
 h - a +0 dagger
 k - a +1 antimagic trident
 D - a +0 dagger of electrocution
 E - a +0 halberd
 G - a +3 trident (weapon)
Missiles
 x - 8 curare-tipped darts {=f}
 B - 2 throwing nets {=f}
 I - 7 boomerangs (quivered)
 J - 53 stones
Armour
 c - a +0 robe
 d - a +0 hat
 e - a +0 ring mail
 l - a +4 ring mail
 p - the +4 ring mail of Rijof (worn) {rN+ Dex+2}
   (You found it on level 4 of the Dungeon)

   Dex:       It affects your dexterity (+2).
   rN:        It protects you from negative energy.
 A - a +0 pair of gloves (worn)
 H - a +2 hat (worn)
Jewellery
 b - a ring of resist corrosion (left hand)
 F - an amulet of the acrobat (around neck)
 X - a +6 ring of dexterity (right hand)
Wands
 K - a wand of paralysis (11)
 O - a wand of flame (16)
Scrolls
 g - 3 scrolls of fog
 n - a scroll of amnesia
 q - 3 scrolls of teleportation {@r4}
 r - a scroll of vulnerability
 s - 2 scrolls of silence {!r}
 u - a scroll of enchant armour
 v - 2 scrolls of identify {@r1}
 w - a scroll of magic mapping {unknown}
 y - 2 scrolls of torment {!r}
 C - a scroll of butterflies {unknown}
 L - a scroll of noise {unknown}
 M - a scroll of immolation {unknown}
Potions
 f - 3 potions of brilliance
 i - 2 potions of attraction
 j - 3 potions of curing {@q1}
 m - a potion of resistance
 o - a potion of invisibility
 t - 2 potions of lignification
 z - a potion of heal wounds {@q2}


   Skills:
 + Level 5.2 Fighting
 + Level 7.9 Polearms
 - Level 3.0 Throwing
 + Level 2.7 Armour
 - Level 6.7 Dodging
 - Level 3.0 Stealth
 - Level 2.0 Spellcasting
 + Level 8.0 Summonings
 - Level 1.1 Fire Magic
 + Level 4.8 Air Magic
 - Level 3.0 Evocations


You had 5 spell levels left.
You knew the following spells:

 Your Spells              Type           Power      Damage    Failure   Level
d - Summon Guardian Gole  Hex/Summ       11%        N/A       28%         3
t - Summon Lightning Spi  Summ/Air       17%        N/A       36%         4
z - Summon Small Mammal   Summ           88%        N/A       1%          1

Your spell library contained the following spells:

 Spells                   Type           Power      Damage    Failure   Level
 Foxfire                  Conj/Fire      8%         2x1d4     38%         1
 Ignite Poison            Fire/Tmut/Pois 2%         N/A       78%         3


Dungeon Overview and Level Annotations

Branches:
Dungeon (7/15)             Temple (0/1) D:4

Altars:
Kikubaaqudgha
Makhleb
Ru
Wu Jian
Zin

Shops:
D:1 !?=?   D:4 ?   D:6 *


Innate Abilities, Weirdness & Mutations

You have a beak for a mouth.
You have claws for feet.
Your magical nature lets you fly swiftly and evasively.


Message History

A skeletal warrior is nearby!
You fade into invisibility!
You start waiting.
A skeletal warrior is nearby!
The skeletal warrior completely misses you.
You hit the skeletal warrior but do no damage.
You peck the skeletal warrior, but do no damage.
The skeletal warrior hits you with a +1 glaive of freezing!!
The skeletal warrior freezes you.
You catch the helpless skeletal warrior completely off-guard!
You hit the skeletal warrior but do no damage.
Your kick misses the skeletal warrior.
You peck the skeletal warrior, but do no damage.
The skeletal warrior misses you.
You hit the skeletal warrior but do no damage.
You claw the skeletal warrior.
The skeletal warrior is lightly damaged.
The skeletal warrior misses you.
You puncture the skeletal warrior! You peck the skeletal warrior.
The skeletal warrior is lightly damaged.
You reach to attack!
You hit the skeletal warrior but do no damage.
The skeletal warrior is lightly damaged.
You hit the skeletal warrior.
You claw the skeletal warrior, but do no damage.
The skeletal warrior is lightly damaged.
You puncture the skeletal warrior!
You claw the skeletal warrior, but do no damage.
Your peck misses the skeletal warrior.
You punch the skeletal warrior, but do no damage.
The skeletal warrior is moderately damaged.
You closely miss the skeletal warrior.
You claw the skeletal warrior, but do no damage.
The skeletal warrior is moderately damaged.
The skeletal warrior hits you with a +1 glaive of freezing!!
* * * LOW HITPOINT WARNING * * *
The skeletal warrior freezes you.
* * * LOW HITPOINT WARNING * * *
The skeletal warrior throws a javelin.
The javelin pierces through you!
You die...

▒▒'▒▒ ░..░
░........░ ▒8.8▒
░░.░ ░........░
▒▒▒▒▒8z8▒▒▒▒▒.░
░........░░░░░
▒.▒.▒8.8▒.▒.▒.░
░.[..........░
▒▒..'[.))..▒▒z░░
░............░
▒...▒▒8▒▒...▒..░
░............░
▒▒'▒▒▒▒▒▒▒▒▒'▒▒.░
░░░░░░░░.....░
▒..▒.......▒).▒.░
░.....░
▒..▒.⌠...⌠.▒).▒Q░░░░
░.....░
▒..▒....)..▒z➘▒....░
░......
▒▒.'...⌠...).▒▒....░
░.....░
▒▒▒..⌠.z..▒▒▒.....░
░░..░░░
▒.⌠.).⌠.▒░░.░...░
░░..░░░
▒c......▒!..'...░
░░░.....░
▒▒▒▒'▒▒▒▒...░...░
░░..)....░ ▒.▒
░...░...░ ░..░░....░
... ░...░..░░
░.░░░....░


You could see a skeletal warrior (unable to see you).

Vanquished Creatures
  A cyclops (D:7)
  A troll (D:7)
  A wraith (D:7)
  A steam dragon (D:7)
  Eustachio (D:6)
  A water moccasin (D:6)
  2 black bears
  An ice beast (D:7)
  2 centaurs (D:7)
  An ogre (D:7)
  2 phantoms (D:5)
  2 bullfrogs
  2 kobold brigands
  3 scorpions
  3 wights (D:6)
  5 killer bees (D:7)
  A howler monkey (D:6)
  5 hounds
  2 jellies
  2 orc priests (D:7)
  4 sleepcaps (D:6)
  5 iguanas
  7 orc wizards
  3 gnolls (D:6)
  8 adders
  2 river rats (D:6)
  A shadow imp (D:6)
  3 white imps
  An ufetubus (D:5)
  2 worms
  2 dart slugs
  35 orcs
  A bat (D:1)
  7 endoplasms
  5 giant cockroaches
  6 goblins
  7 hobgoblins
  13 kobolds
  4 quokkas
  5 ball pythons
  A frilled lizard (D:2)
  6 rats
167 creatures vanquished.

Vanquished Creatures (collateral kills)
  A black bear (D:5)
  A frilled lizard (D:3)
  2 kobolds (D:5)
4 creatures vanquished.

Grand Total: 171 creatures vanquished

Notes
Turn   | Place    | Note
-------+----------+-------------------------------------------
     0 | D:1      | utis the Tengu Wanderer began the quest for the Orb.
     0 | D:1      | utis set off with the following items: a +0 dagger, a
                  | potion of heal wounds {@q2}, a +0 robe, a +0 hat; and the
                  | following spells available to memorise: Summon Small
                  | Mammal, Foxfire, Summon Guardian Golem, Ignite Poison,
                  | Summon Lightning Spire.
     0 | D:1      | Reached XP level 1. HP: 12/12 MP: 4/4
     2 | D:1      | Learned a level 1 spell: Summon Small Mammal
   151 | D:1      | Found Deatz's Jewellery Shop.
   285 | D:1      | Reached XP level 2. HP: 15/16 MP: 6/6
   330 | D:1      | Found Xivug's Magic Scroll Boutique.
   334 | D:1      | Bought a scroll of identify for 22 gold pieces
   411 | D:1      | Found Dusy Reshraerph's Magic Scroll Shop.
   791 | D:1      | Found Itirph's Distillery.
  1135 | D:1      | Reached skill level 3 in Summonings
  1400 | D:2      | Reached XP level 3. HP: 18/21 MP: 7/7
  1796 | D:2      | Reached skill level 1 in Polearms
  1896 | D:1      | Bought a scroll of teleportation for 33 gold pieces
  1896 | D:1      | Bought a scroll of identify for 22 gold pieces
  1896 | D:1      | Bought a scroll of fog for 44 gold pieces
  1943 | D:3      | Learned a level 3 spell: Summon Guardian Golem
  1954 | D:3      | Reached XP level 4. HP: 26/26 MP: 8/8
  2098 | D:3      | Found a sacrificial altar of Ru.
  2158 | D:3      | Noticed a black bear
  2169 | D:3      | Killed a black bear
  2170 | D:3      | Reached skill level 4 in Summonings
  2170 | D:3      | Gained mutation: Your magical nature lets you fly swiftly
                  | and evasively. [Tengu growth]
  2170 | D:3      | Reached XP level 5. HP: 27/31 MP: 6/9
  2513 | D:3      | Noticed an Executioner
  2514 | D:3      | Found a burning altar of Makhleb.
  2517 | D:3      | Found a glowing silver altar of Zin.
  2518 | D:3      | Noticed an angel
  2696 | D:4      | Reached XP level 6. HP: 32/36 MP: 8/10
  2862 | D:4      | Learned a level 4 spell: Summon Lightning Spire
  3222 | D:4      | Found Xileqenk's Magic Scroll Shoppe.
  3281 | D:4      | Bought a scroll of fear for 52 gold pieces
  3281 | D:4      | Bought a scroll of identify for 26 gold pieces
  3281 | D:4      | Bought a scroll of identify for 26 gold pieces
  3297 | D:4      | Bought a scroll of identify for 26 gold pieces
  3304 | D:4      | Identified the +4 ring mail of Rijof {rN+ Dex+2}
  3346 | D:4      | Found a staircase to the Ecumenical Temple.
  3475 | D:5      | Entered Level 5 of the Dungeon
  3482 | D:5      | Reached skill level 1 in Air Magic
  3505 | D:5      | Found an ancient bone altar of Kikubaaqudgha.
  3505 | D:5      | Found an ornate altar of the Wu Jian Council.
  3903 | D:5      | Reached skill level 5 in Summonings
  3922 | D:5      | Noticed a black bear
  3946 | D:5      | Killed a black bear
  3947 | D:5      | Reached XP level 7. HP: 38/41 MP: 0/11
  4165 | D:5      | Reached skill level 5 in Dodging
  4280 | D:5      | Reached skill level 5 in Polearms
  4375 | D:5      | Reached XP level 8. HP: 45/47 MP: 4/12
  4988 | D:6      | Reached skill level 6 in Summonings
  5724 | D:6      | Found Zuam's General Store.
  5875 | D:6      | Reached skill level 1 in Stealth
  5875 | D:6      | Reached XP level 9. HP: 52/52 MP: 13/13
  5893 | D:6      | Reached skill level 1 in Throwing
  6591 | D:6      | Noticed Eustachio
  6599 | D:6      | Killed Eustachio
  7402 | D:7      | Reached skill level 1 in Armour
  7481 | D:7      | Reached skill level 7 in Summonings
  8030 | D:7      | Reached skill level 5 in Fighting
  8041 | D:7      | Noticed a troll
  8041 | D:7      | Noticed a cyclops
  8073 | D:7      | Noticed a cyclops
  8378 | D:4      | Bought a scroll of identify for 26 gold pieces
  8378 | D:4      | Bought a scroll of identify for 26 gold pieces
  8437 | D:1      | Bought a scroll of identify for 22 gold pieces
  8437 | D:1      | Bought a scroll of identify for 22 gold pieces
  8627 | D:7      | Noticed a skeletal warrior
  8653 | D:7      | Killed a troll
  8707 | D:7      | Killed a cyclops
  8708 | D:7      | Reached XP level 10. HP: 41/59 MP: 14/14
  8717 | D:7      | Reached skill level 8 in Summonings
  8946 | D:7      | Hit by a javelin thrown by a skeletal warrior

Illustrated notes

Levels and vault maps discovered:
D:1:      noname_arrival_rooms_in_the_neighbourhood, layout_basic, serial_shops,
          nicolae_shop_behind_doors, shop_fountains, nicolae_shop_waterfront,
          nicolae_shop_stone
D:2:      layout_rooms, minivault_19
D:3:      layout_rooms, grunt_temple_overflow_order_and_chaos_2,
          nicolae_ru_sacrificial_ziggurat, minmay_close_crescents
D:4:      layout_rooms, minmay_temple_entry_statues_pillars, serial_shops, shop,
          minmay_misc_feat_rows
D:5:      layout_loops_ring, mainiacjoe_overflow_divided_tiny
D:6:      layout_cave_pods, serial_shops, kennysheep_mini_moat,
          gup_sewer_entry_bubbles, minmay_fountain_box, hellmonk_no_cap,
          uniq_eustachio
D:7:      minmay_chambers_of_sevens, layout_basic, dk_rats_in_the_wall

Skill      XL: |  1  2  3  4  5  6  7  8  9 10 |
---------------+-------------------------------+-----
Summonings     | 3 4 5 6 7 8 |  8.0
Polearms       | 1 2 3 4 5 6 7 |  7.9
Fighting       | 2 3 4 5 |  5.2
Dodging        | 4 5 6 |  6.7
Air Magic      | 2 3 4 |  4.8
Stealth        | 1 3 |  3.0
Throwing       | 3 |  3.0
Armour         | 2 |  2.7
Evocations     | 3 |  3.0
Spellcasting   | |  2.0
Fire Magic     | |  1.1

Action                     |  1- 3 |  4- 6 |  7- 9 | 10-12 || total
---------------------------+-------+-------+-------+-------++-------
  Melee: Dagger            |    43 |       |       |       ||    43
         Kick              |    22 |    43 |   136 |     8 ||   209
         Trident           |    40 |   137 |   380 |    20 ||   577
         Peck              |     6 |    28 |    84 |     9 ||   127
         Punch             |       |     2 |     6 |     1 ||     9
  Throw: Boomerang         |       |       |    11 |       ||    11
   Cast: Summon Small Mamm |     3 |     7 |     2 |       ||    12
  Evoke: Wand              |       |       |     3 |       ||     3
    Use: Scroll            |     3 |     6 |     7 |       ||    16
         Potion            |     1 |     1 |     1 |     1 ||     4
   Stab: Invisible         |       |       |     7 |     2 ||     9
         Sleeping          |       |       |     2 |       ||     2
         Distracted        |       |       |     1 |       ||     1
 Armour: Ring mail         |    22 |    33 |    87 |     2 ||   144
  Dodge: Dodged            |    39 |    85 |   279 |    29 ||   432

Table legend: (Time is in decaauts)
 A = Elapsed time spent in this place.
 B = Non-inter-level travel time spent in this place.
 C = Inter-level travel time spent in this place.
 D = Time resting spent in this place.
 E = Time spent auto-exploring this place.
 F = Levels seen in this place.
 G = Mean time per level.
                   A        B        C        D        E       F      G
               +--------+--------+--------+--------+--------+-----+--------+
         Total |   8552 |   7622 |    930 |   1780 |   3930 |   7 | 1221.7 |
       Dungeon |   8552 |   7622 |    930 |   1780 |   3930 |   7 | 1221.7 |
               +--------+--------+--------+--------+--------+-----+--------+

Top non-repeatable levels by time:
     D:6: 1903 daAuts
     D:7: 1608 daAuts
     D:1: 1380 daAuts
     D:5: 1272 daAuts
     D:4: 828 daAuts
     D:3: 817 daAuts
     D:2: 742 daAuts
